[Event "Titled Tuesday Blitz September 27 Early 2022"]
[White "Smietanska, Wiktoria"]
[Black "Omariev, Maksim"]
[WhiteFideId "21869359"]
[BlackFideId "4193423"]
[WhiteElo "1847"]
[BlackElo "2392"]
[Result "1-0"]
[Round "08"]
[TimeControl "180+1"]
[Date "2022.09.27"]
[WhiteClock "0:00:06"]
[BlackClock "0:00:03"]

1. c4 e5 2. Nc3 Nc6 3. Nf3 Nf6 4. e4 Bb4 5. d3 d6 6. a3 Bxc3+ 7. bxc3 h6 8. g3 O-O 9. Bg2 Be6 10. O-O a5 11. h3 Qd7 12. Kh2 a4 13. Ne1 Nh7 14. Nc2 Na5 15. Rb1 b6 16. f4 f6 17. Ne3 Nb3 18. f5 Bf7 19. Bb2 Rfb8 20. g4 Ra5 21. h4 Qc6 22. Nd5 Kf8 23. Bc1 Nxc1 24. Qxc1 Qc5 25. Rb4 b5 26. cxb5 Rbxb5 27. Qd2 Bxd5 28. exd5 Ra6 29. Rfb1 Rab6 30. d4 exd4 31. cxd4 Rxb4 32. dxc5 Rxb1 33. cxb6 Rxb6 34. Qa5 Ke7 35. Qxa4 Nf8 36. Qe4+ Kf7 37. Bf3 Ra6 38. Qe3 Ra5 39. g5 hxg5 40. Bh5+ Kg8 41. hxg5 fxg5 42. Qe7 1-0


[Site "https://www.chess.com"]

[Event "Titled Tuesday Blitz September 27 Early 2022"]
[White "Song, Julien"]
[Black "Mouhamad, Joachim"]
[WhiteFideId "659487"]
[BlackFideId "656410"]
[WhiteElo "2225"]
[BlackElo "2147"]
[Result "1-0"]
[Round "08"]
[TimeControl "180+1"]
[Date "2022.09.27"]
[WhiteClock "0:00:09"]
[BlackClock "0:00:14"]

1. d4 Nf6 2. Bg5 Ne4 3. Bf4 c5 4. f3 Nf6 5. d5 g6 6. e4 d6 7. c4 Bg7 8. Nc3 O-O 9. Bd3 e6 10. Nge2 exd5 11. cxd5 a6 12. a4 Qe7 13. O-O Nbd7 14. Ng3 Ne5 15. Be2 Rb8 16. Qd2 Bd7 17. Bh6 c4 18. Bxg7 Kxg7 19. Qd4 Kg8 20. Bxc4 Nxc4 21. Qxc4 Rfc8 22. Qd4 h5 23. Nge2 h4 24. h3 Nh5 25. f4 b5 26. axb5 axb5 27. e5 Bf5 28. Ra7 Rc7 29. Rxc7 Qxc7 30. exd6 Qxd6 31. Ne4 Bxe4 32. Qxe4 Rd8 33. f5 Qxd5 34. Qxh4 Re8 35. fxg6 fxg6 36. Nf4 Nxf4 37. Qxf4 Qe6 38. Kh2 Qe5 39. Kg3 Kg7 40. Qxe5+ Rxe5 41. Rf4 Re3+ 42. Rf3 Re4 43. Rb3 b4 44. Kf3 Rc4 45. Re3 Kf6 46. Re4 Rc2 47. Rxb4 Rc1 48. Kg4 Rg1 49. g3 Rb1 50. Rb6+ Kg7 51. h4 Kh6 52. b4 Kg7 53. b5 Rb4+ 54. Kg5 Rb3 55. Rxg6+ Kf7 56. Rc6 Ke7 57. g4 Rg3 58. Kh5 Kd7 59. Rg6 Rb3 60. Rg7+ Ke6 61. Rg5 Kf7 62. Kh6 Rxb5 63. Kh5 Rb4 64. Rf5+ Ke6 65. Kg5 Rb8 66. h5 Rh8 67. Kf4 Ra8 68. Kg5 Ra1 69. Kf4 Rg1 70. Kg5 Ke7 71. Rf4 Ke6 72. Re4+ Kd6 73. Re2 Rh1 74. h6 Rh2 75. Rxh2 1-0


[Site "https://www.chess.com"]

[Event "Titled Tuesday Blitz September 27 Early 2022"]
[White "Sovetbekova, Nurai"]
[Black "D`Arruda, Ricardo D."]
[WhiteFideId "13801910"]
[BlackFideId "100692"]
[WhiteElo "1646"]
[BlackElo "2454"]
[Result "0-1"]
[Round "08"]
[TimeControl "180+1"]
[Date "2022.09.27"]
[WhiteClock "0:01:47"]
[BlackClock "0:02:35"]

1. d4 Nf6 2. c4 e5 3. dxe5 Ne4 4. Nf3 Nc6 5. Nbd2 Nc5 6. e3 d6 7. exd6 Bxd6 8. Be2 Qf6 9. O-O Bf5 10. Nb3 O-O-O 11. Nbd4 Be4 12. b4 Nxb4 13. Bb2 Qh6 14. g3 Qh3 0-1


[Site "https://www.chess.com"]

[Event "Titled Tuesday Blitz September 27 Early 2022"]
[White "Srihari L R"]
[Black "Ferreira, Vitor Hugo Vieira"]
[WhiteFideId "46617116"]
[BlackFideId "2119765"]
[WhiteElo "2208"]
[BlackElo "2168"]
[Result "1-0"]
[Round "08"]
[TimeControl "180+1"]
[Date "2022.09.27"]
[WhiteClock "0:00:17"]
[BlackClock "0:00:23"]

1. d4 d5 2. c4 c6 3. Nf3 Nf6 4. Nbd2 e6 5. e3 Nbd7 6. Bd3 Be7 7. O-O O-O 8. e4 dxe4 9. Nxe4 b6 10. Bf4 Nxe4 11. Bxe4 Bb7 12. Ne5 Nxe5 13. Bxe5 Bd6 14. Qc2 g6 15. Rad1 Qc7 16. f4 Bxe5 17. dxe5 c5 18. Rd6 Bxe4 19. Qxe4 Rad8 20. Rfd1 Rxd6 21. exd6 Qd7 22. b3 Rd8 23. Qe5 Qc6 24. h4 h5 25. Kf2 Rd7 26. Rd3 b5 27. cxb5 Qxb5 28. Rc3 Qb4 29. Rc2 Qd4+ 30. Qxd4 cxd4 31. Rc6 f6 32. Ke2 Kf7 33. Kd3 e5 34. fxe5 fxe5 35. Ke4 Ke6 36. Rc5 Rxd6 37. Rxe5+ Kf6 38. Rc5 d3 39. Rc1 d2 40. Rd1 a5 41. Ke3 Kf5 42. Rxd2 Re6+ 43. Kf3 Ra6 44. Rd5+ Ke6 45. Rd4 Ke5 46. Re4+ Kd5 47. Ra4 Kc5 48. b4+ Kc4 49. bxa5+ Kb5 50. Ra3 Kb4 51. Rb3+ Kc4 52. Rb6 Rxa5 53. Rxg6 Rxa2 54. Rg5 Ra3+ 55. Kf2 Ra2+ 56. Kf3 Ra3+ 57. Kf4 Ra2 58. g3 Rf2+ 59. Ke3 Rg2 60. Kf3 Rg1 61. Rxh5 Rf1+ 62. Kg4 Rf8 63. Re5 Kd4 64. Re7 Rg8+ 65. Kh3 Rf8 66. h5 Re8 67. Rxe8 1-0


[Site "https://www.chess.com"]

[Event "Titled Tuesday Blitz September 27 Early 2022"]
[White "Stanisz, Patryk"]
[Black "Harish, Neeraj"]
[WhiteFideId "1123106"]
[BlackFideId "30958130"]
[WhiteElo "1833"]
[BlackElo "1574"]
[Result "1-0"]
[Round "08"]
[TimeControl "180+1"]
[Date "2022.09.27"]
[WhiteClock "0:00:14"]
[BlackClock "0:00:02"]

1. d4 Nf6 2. c4 g6 3. Nc3 d5 4. Nf3 Bg7 5. Qb3 dxc4 6. Qxc4 O-O 7. Bf4 Nc6 8. e3 Be6 9. Qa4 Nd5 10. Nxd5 Bxd5 11. Be2 a6 12. O-O Re8 13. Rfd1 b5 14. Qc2 Rc8 15. e4 Bc4 16. Bxc4 bxc4 17. Qxc4 Qd7 18. d5 Na5 19. Qxa6 Ra8 20. Qe2 Reb8 21. Rab1 Rb4 22. b3 c5 23. Be5 Bxe5 24. Nxe5 Qc7 25. Nd3 Rb6 26. Rbc1 Nb7 27. Rc2 Rc8 28. Rdc1 Qd6 29. h3 e6 30. dxe6 fxe6 31. Qe3 Rbc6 32. Rc4 Na5 33. Rxc5 Rxc5 34. Rxc5 Rxc5 35. Qxc5 Qxd3 36. Qxa5 Qb1+ 37. Kh2 Qxe4 38. Qd8+ Kg7 39. Qd7+ Kg8 40. Qc8+ Kg7 41. Qc3+ Kg8 42. g3 Qe2 43. Kg2 Qe4+ 44. Qf3 Qc2 45. a4 Qa2 46. Qb7 1-0


[Site "https://www.chess.com"]

[Event "Titled Tuesday Blitz September 27 Early 2022"]
[White "Svane, Frederik"]
[Black "Gu, Xiaobing"]
[WhiteFideId "12923044"]
[BlackFideId "8602611"]
[WhiteElo "2823"]
[BlackElo "2416"]
[Result "1-0"]
[Round "08"]
[TimeControl "180+1"]
[Date "2022.09.27"]
[WhiteClock "0:00:42"]
[BlackClock "0:00:14"]

1. a3 e5 2. d4 exd4 3. Qxd4 Nc6 4. Qd3 Nf6 5. Nf3 d5 6. Nc3 d4 7. Nb5 Bc5 8. b4 Bb6 9. Bb2 O-O 10. Nbxd4 Nxd4 11. Nxd4 Re8 12. e3 a5 13. b5 Ne4 14. Be2 Nc5 15. Qc4 Qg5 16. O-O Re4 17. Rfd1 Be6 18. Nxe6 fxe6 19. Qa2 Na4 20. Bf3 Nxb2 21. Bxe4 Nxd1 22. Qxe6+ Kh8 23. Rxd1 Qxb5 24. Qh3 h6 25. Qe6 Qe8 26. Qf5 g6 27. Qf6+ Kh7 28. Bxg6+ 1-0


[Site "https://www.chess.com"]

[Event "Titled Tuesday Blitz September 27 Early 2022"]
[White "Tari, Aryan"]
[Black "Cruz, Jonathan"]
[WhiteFideId "1510045"]
[BlackFideId "3802124"]
[WhiteElo "2892"]
[BlackElo "2706"]
[Result "1-0"]
[Round "08"]
[TimeControl "180+1"]
[Date "2022.09.27"]
[WhiteClock "0:00:39"]
[BlackClock "0:00:07"]

1. e4 e5 2. Nf3 Nc6 3. Bb5 a6 4. Ba4 Nf6 5. Nc3 d6 6. Bxc6+ bxc6 7. d4 exd4 8. Nxd4 Bd7 9. Qf3 Be7 10. e5 dxe5 11. Nxc6 Bxc6 12. Qxc6+ Nd7 13. O-O O-O 14. Rd1 Bd6 15. Ne4 Nf6 16. Nxd6 cxd6 17. Rxd6 Qb8 18. Rxf6 gxf6 19. Bh6 Qxb2 20. Rf1 e4 21. Qxe4 Kh8 22. Bxf8 Rxf8 23. Qc4 a5 24. h4 Kg7 25. h5 h6 26. Re1 Qb4 27. Qe2 Rd8 28. Qe3 Rd6 29. Qg3+ Kf8 30. c3 Qc5 31. Qf4 Kg7 32. Qg3+ Kf8 33. Rb1 Rd8 34. Qf4 Qxh5 35. Qxf6 Rd1+ 36. Rxd1 Qxd1+ 37. Kh2 Qh5+ 38. Kg3 Kg8 39. Qd8+ Kg7 40. Qd4+ Kf8 41. Qd6+ Kg8 42. f4 Kg7 43. Qe5+ Qxe5 44. fxe5 Kf8 45. Kf4 Ke7 46. Kf5 Kd7 47. Kf6 Ke8 48. g4 Kf8 49. c4 Ke8 50. c5 Kd7 51. Kxf7 Kc6 52. e6 Kxc5 53. e7 Kd4 54. e8=Q Kc3 55. Qb5 1-0


[Site "https://www.chess.com"]

[Event "Titled Tuesday Blitz September 27 Early 2022"]
[White "Tarnowska, Aleksandra"]
[Black "Sahil, Tickoo"]
[WhiteFideId "1180967"]
[BlackFideId "5019710"]
[WhiteElo "1700"]
[BlackElo "2047"]
[Result "1-0"]
[Round "08"]
[TimeControl "180+1"]
[Date "2022.09.27"]
[WhiteClock "0:00:06"]
[BlackClock "0:00:17"]

1. e4 c5 2. Nf3 d6 3. Bb5+ Bd7 4. Bxd7+ Nxd7 5. O-O Ngf6 6. Re1 e6 7. c3 Be7 8. d3 O-O 9. Nbd2 Rc8 10. Nf1 Nb8 11. Ng3 Nc6 12. h3 Re8 13. Nh2 Qc7 14. Ng4 Nxg4 15. Qxg4 Ne5 16. Qe2 Ng6 17. Be3 Bh4 18. Qg4 Bxg3 19. Qxg3 Qe7 20. Bg5 f6 21. Be3 Rcd8 22. f4 Qf7 23. Qf2 b6 24. Rad1 d5 25. f5 exf5 26. exf5 Ne5 27. Bf4 Nc6 28. Qf3 Qd7 29. g4 d4 30. c4 Kh8 31. Kf2 h6 32. a3 Ne5 33. Bxe5 fxe5 34. Re4 Qe7 35. Rde1 Qh4+ 36. Qg3 Qg5 37. Rxe5 Rxe5 38. Rxe5 Rf8 39. h4 Qd2+ 40. Re2 Qc1 41. Qf3 Kh7 42. Qe4 Rf6 43. g5 hxg5 44. hxg5 Qxg5 45. Ke1 Rxf5 46. Rh2+ Kg6 47. Rg2 Qxg2 48. Qxg2+ Kf6 49. Qc6+ Kg5 50. Qb7 Re5+ 51. Kd2 Kf6 52. Qxa7 Re6 53. Qd7 g5 54. Qd8+ Kf5 55. Qf8+ Ke5 56. Qg7+ Kf5 57. Qf7+ Rf6 58. Qd5+ Kg6 59. Qg2 Rf5 60. Qc6+ Rf6 61. Qe4+ Kh5 62. Ke2 g4 63. Qh7+ Kg5 64. Qg7+ Rg6 65. Qe5+ Kh6 66. Kf2 g3+ 67. Kg2 Rg5 68. Qe6+ Rg6 69. Qh3+ Kg7 70. Qd7+ Kh6 71. a4 Rf6 72. Qd5 Rg6 73. Qe4 Kg7 74. Qe5+ Kf7 75. b3 Kg8 76. Qd5+ Kh7 77. Qf7+ Kh6 78. Qf8+ Kh7 79. Qa8 Kg7 80. a5 bxa5 81. Qxa5 Rg5 82. Qc7+ Kg6 83. Qb6+ Kh5 84. b4 cxb4 85. Qxb4 Rg4 86. Qd6 Kh4 87. Qh6# 1-0


[Site "https://www.chess.com"]

[Event "Titled Tuesday Blitz September 27 Early 2022"]
[White "Thorhallsson, Simon"]
[Black "Manukian, Artak"]
[WhiteFideId "2310090"]
[BlackFideId "13301373"]
[WhiteElo "2137"]
[BlackElo "2508"]
[Result "1-0"]
[Round "08"]
[TimeControl "180+1"]
[Date "2022.09.27"]
[WhiteClock "0:00:14"]
[BlackClock "0:00:52"]

1. e4 c6 2. Nf3 d5 3. Nc3 dxe4 4. Nxe4 Nf6 5. Qe2 Nxe4 6. Qxe4 Nd7 7. Bc4 Nf6 8. Ne5 e6 9. Qe2 b5 10. Bb3 Qb6 11. O-O c5 12. d3 Bb7 13. Re1 Be7 14. Bg5 O-O 15. Ng4 Qc6 16. f3 Nxg4 17. Bxe7 Qc7 18. fxg4 Qxe7 19. c3 Rfd8 20. Rad1 h6 21. h3 Qh4 22. Qe3 Rac8 23. Rf1 Rd7 24. Bxe6 Re8 25. Bxf7+ Rxf7 26. Qxe8+ Kh7 27. Qxf7 Qg3 28. Qf5+ Kh8 29. Qf2 Qc7 30. Rde1 Bc6 31. Qf7 Qg3 32. Re8+ Bxe8 33. Qxe8+ Kh7 34. Qe4+ Kg8 35. Rf3 Qd6 36. Qf4 Qe6 37. Qf8+ Kh7 38. Qf5+ Qxf5 39. Rxf5 c4 40. dxc4 b4 41. Ra5 bxc3 42. bxc3 h5 43. Rxa7 hxg4 44. hxg4 Kg6 45. Rb7 Kg5 46. Rb5+ Kf4 47. a4 Ke3 48. Rd5 g5 49. a5 Kf4 50. a6 Kxg4 51. a7 Kg3 52. a8=Q g4 53. Qb8+ Kh4 54. g3+ Kh3 55. Rh5# 1-0


[Site "https://www.chess.com"]

[Event "Titled Tuesday Blitz September 27 Early 2022"]
[White "Timofeev, Artyom"]
[Black "Kravtsiv, Martyn"]
[WhiteFideId "4140419"]
[BlackFideId "14113147"]
[WhiteElo "2579"]
[BlackElo "2694"]
[Result "1-0"]
[Round "08"]
[TimeControl "180+1"]
[Date "2022.09.27"]
[WhiteClock "0:00:04"]
[BlackClock "0:00:01"]

1. e4 e5 2. Nf3 Nc6 3. Bb5 a6 4. Ba4 Nf6 5. d3 b5 6. Bb3 Be7 7. O-O O-O 8. Re1 d6 9. c3 Bb7 10. Nbd2 Nb8 11. Nf1 Nbd7 12. Ng3 h6 13. d4 Re8 14. dxe5 Nxe5 15. Nxe5 dxe5 16. Qf3 c5 17. Nf5 c4 18. Bc2 Bf8 19. a4 Qb6 20. Be3 Qe6 21. Red1 Kh7 22. h3 Red8 23. Rxd8 Rxd8 24. axb5 axb5 25. Ra7 Rd7 26. Ra5 Qc6 27. Ng3 g6 28. Qe2 h5 29. Bg5 Kg7 30. b3 Nh7 31. Be3 h4 32. Nf1 cxb3 33. Bxb3 Qxe4 34. f3 Qc6 35. Qxb5 Qxb5 36. Rxb5 f6 37. Nd2 Be7 38. Kf2 Nf8 39. Ra5 Bc6 40. Ne4 Rc7 41. Nc5 g5 42. Bc2 Be8 43. Bf5 Bf7 44. g3 hxg3+ 45. Kxg3 Ng6 46. Ne4 Nf4 47. Bxf4 gxf4+ 48. Kg4 Rb7 49. h4 Bd8 50. Ra6 Be7 51. Rc6 Ra7 52. Rb6 Ra1 53. Rb7 Rg1+ 54. Kh3 Bf8 55. Kh2 1-0


[Site "https://www.chess.com"]

[Event "Titled Tuesday Blitz September 27 Early 2022"]
[White "Tologon tegin, Semetei"]
[Black "Deuer, Marius"]
[WhiteFideId "13800574"]
[BlackFideId "16236432"]
[WhiteElo "2174"]
[BlackElo "2059"]
[Result "1-0"]
[Round "08"]
[TimeControl "180+1"]
[Date "2022.09.27"]
[WhiteClock "0:00:49"]
[BlackClock "0:00:02"]

1. Nf3 b6 2. g3 Bb7 3. Bg2 e6 4. b3 Nf6 5. Bb2 Be7 6. O-O O-O 7. c4 c5 8. Nc3 Nc6 9. e3 d5 10. cxd5 Nxd5 11. Nxd5 exd5 12. d4 Bf6 13. Rc1 Rc8 14. Qd2 Qd7 15. dxc5 Bxb2 16. Qxb2 Nb4 17. Ne5 Qe7 18. a3 f6 19. axb4 fxe5 20. Qa3 bxc5 21. bxc5 Bc6 22. Rfd1 e4 23. b4 Qb7 24. Bf1 Rc7 25. Ba6 Qb8 26. b5 Be8 27. c6 Bh5 28. Rxd5 Bf3 29. Bb7 Rcf7 30. Qd6 Rc7 31. Qe6+ Kh8 32. Rd7 Qxb7 33. Qe7 Rg8 34. Rxc7 Qxb5 35. Rd7 Qh5 36. Rd8 Qh3 37. Rxg8+ Kxg8 38. Qe8# 1-0


[Site "https://www.chess.com"]

[Event "Titled Tuesday Blitz September 27 Early 2022"]
[White "Tomaszewski, Kacper"]
[Black "Pakleza, Zbigniew"]
[WhiteFideId "1127373"]
[BlackFideId "1119290"]
[WhiteElo "2133"]
[BlackElo "2411"]
[Result "0-1"]
[Round "08"]
[TimeControl "180+1"]
[Date "2022.09.27"]
[WhiteClock "0:00:05"]
[BlackClock "0:00:06"]

1. d4 d6 2. Nf3 Bg4 3. Nbd2 Nf6 4. h3 Bh5 5. g4 Bg6 6. Bg2 c6 7. Nh4 e6 8. Nxg6 hxg6 9. e4 d5 10. e5 Nfd7 11. c3 Be7 12. Nf3 c5 13. Qb3 Qb6 14. Be3 Nc6 15. O-O Qxb3 16. axb3 cxd4 17. cxd4 O-O 18. Rfc1 Rfc8 19. Bf1 a6 20. Bd2 Kf8 21. Bc3 Rc7 22. Rd1 Rac8 23. Bd3 Nb4 24. Bb1 Nb8 25. Kg2 N4c6 26. Kg3 Bb4 27. Bd3 Ke7 28. h4 Nd7 29. Rh1 Nb6 30. Rhc1 Bxc3 31. bxc3 Na7 32. Bxa6 bxa6 33. Rxa6 Rb8 34. c4 dxc4 35. bxc4 Nac8 36. Nd2 Rd7 37. d5 exd5 38. c5 Nc4 39. Nxc4 dxc4 40. Rxc4 Rc7 41. h5 gxh5 42. gxh5 Na7 43. h6 gxh6 44. Rxh6 Rg8+ 45. Kf3 Nc6 46. Ke4 Nd8 47. f4 Ne6 48. c6 Rg1 49. f5 Rg4+ 50. Kd3 Rxc4 51. Kxc4 Rxc6+ 52. Kb5 Nd4+ 0-1


[Site "https://www.chess.com"]

[Event "Titled Tuesday Blitz September 27 Early 2022"]
[White "Umarov, Sabir"]
[Black "Gracia Alvarez, Gerardo Antonio"]
[WhiteFideId "14200538"]
[BlackFideId "5109124"]
[WhiteElo "2382"]
[BlackElo "2139"]
[Result "1-0"]
[Round "08"]
[TimeControl "180+1"]
[Date "2022.09.27"]
[WhiteClock "0:00:04"]
[BlackClock "0:00:02"]

1. e4 c5 2. Nc3 Nc6 3. g3 g6 4. Bg2 Bg7 5. Nge2 e6 6. d3 d6 7. O-O Nge7 8. f4 O-O 9. Be3 Nd4 10. Qd2 Rb8 11. g4 f5 12. exf5 gxf5 13. g5 b5 14. Ng3 b4 15. Nd1 Qe8 16. c3 bxc3 17. bxc3 Ndc6 18. Rc1 Nd5 19. Bf2 Bb7 20. Re1 Qf7 21. Ne3 Nce7 22. Nxd5 Nxd5 23. d4 c4 24. Nf1 Rfe8 25. Bg3 Qc7 26. Ne3 Nxe3 27. Rxe3 Re7 28. Rce1 Rbe8 29. Bxb7 Qxb7 30. Qe2 Qd5 31. Bh4 Kf7 32. g6+ hxg6 33. Bxe7 Rxe7 34. Qg2 Qxg2+ 35. Kxg2 Bh6 36. Kf3 d5 37. h4 Bg7 38. Rb1 Bf6 39. Kg3 Rc7 40. Rb5 Be7 41. Re2 Bd6 42. Reb2 Ke7 43. Rb7 Kd7 44. Rxc7+ Bxc7 45. Rb7 a5 46. Ra7 Kc6 47. Ra6+ Kd7 48. Kf3 Bd8 49. Kg3 Bc7 50. Ra7 Kc6 51. Ra8 Kb5 52. Rg8 a4 53. Rxg6 Ba5 54. Rxe6 Bxc3 55. Re5 Kc6 56. Rxf5 Bxd4 57. Kf3 c3 58. Ke2 Kc5 59. Kd3 Bg7 60. h5 Bh6 61. Rf6 Bg7 62. Rg6 Bh8 63. h6 1-0


[Site "https://www.chess.com"]

[Event "Titled Tuesday Blitz September 27 Early 2022"]
[White "Vachylia, Andrii"]
[Black "Sethuraman, S.P."]
[WhiteFideId "14137224"]
[BlackFideId "5021596"]
[WhiteElo "2318"]
[BlackElo "2425"]
[Result "1/2-1/2"]
[Round "08"]
[TimeControl "180+1"]
[Date "2022.09.27"]
[WhiteClock "0:00:06"]
[BlackClock "0:00:18"]

1. e4 c5 2. Nf3 d6 3. d4 cxd4 4. Nxd4 Nf6 5. Nc3 Nc6 6. Bg5 e6 7. Qd2 a6 8. O-O-O Bd7 9. f4 Be7 10. Nf3 b5 11. Bxf6 gxf6 12. Bd3 Qa5 13. Kb1 h5 14. f5 b4 15. Ne2 Qc5 16. Nf4 e5 17. Nd5 Bd8 18. h3 a5 19. g4 a4 20. gxh5 Rb8 21. Rhg1 Bxf5 22. exf5 Qxd5 23. Qe2 Qc5 24. Be4 Ne7 25. Rg7 d5 26. Bxd5 Nxd5 27. Nxe5 Nc3+ 28. bxc3 Qxe5 29. Qc4 Qe7 30. h6 Kf8 31. Rdg1 bxc3+ 32. Ka1 Bb6 33. Rb1 Ba7 34. Rxb8+ Bxb8 35. Qc8+ Qe8 36. Qc5+ Qe7 37. Qc8+ Qe8 38. Qc5+ Qe7 39. Qc8+ 1/2-1/2


[Site "https://www.chess.com"]

[Event "Titled Tuesday Blitz September 27 Early 2022"]
[White "Vagman, Roy"]
[Black "Ansh M Shah"]
[WhiteFideId "2828995"]
[BlackFideId "25033379"]
[WhiteElo "1945"]
[BlackElo "1819"]
[Result "1-0"]
[Round "08"]
[TimeControl "180+1"]
[Date "2022.09.27"]
[WhiteClock "0:01:07"]
[BlackClock "0:00:05"]

1. Nf3 Nf6 2. c4 e6 3. g3 d5 4. cxd5 exd5 5. Bg2 Be7 6. O-O O-O 7. b3 Bf5 8. d3 c5 9. Bb2 Nc6 10. Nbd2 Bg6 11. Nh4 Rc8 12. Nxg6 hxg6 13. e4 dxe4 14. dxe4 Nd7 15. Nc4 b5 16. Ne3 Bf6 17. Bxf6 Nxf6 18. Nd5 Nxd5 19. exd5 Nd4 20. Re1 Qf6 21. Rc1 Rc7 22. Qg4 Rd8 23. h4 a5 24. Red1 Qe5 25. Re1 Qf5 26. Qxf5 gxf5 27. Kh1 g6 28. Red1 Rcd7 29. Rxc5 Ne6 30. Rxb5 f4 31. g4 f3 32. Bxf3 Nf4 33. Rd4 Ne6 34. Rc4 Nc7 35. Rxa5 Nxd5 36. Bxd5 Rxd5 37. Rxd5 Rxd5 38. Kg2 Rd2 39. a4 Rb2 40. Rb4 Kg7 41. a5 Ra2 42. Ra4 Rb2 43. a6 Rxb3 44. a7 1-0


[Site "https://www.chess.com"]

[Event "Titled Tuesday Blitz September 27 Early 2022"]
[White "Vargas, Mauricio"]
[Black "Zaksaite, Salomeja"]
[WhiteFideId "4404572"]
[BlackFideId "12801496"]
[WhiteElo "2004"]
[BlackElo "1953"]
[Result "0-1"]
[Round "08"]
[TimeControl "180+1"]
[Date "2022.09.27"]
[WhiteClock "0:00:44"]
[BlackClock "0:00:25"]

1. e4 e5 2. Nf3 Nc6 3. d4 exd4 4. Bc4 Nf6 5. e5 d5 6. Bb5 Ne4 7. Nxd4 Bd7 8. Bxc6 bxc6 9. O-O Bc5 10. c3 Bb6 11. f3 Ng5 12. Be3 Ne6 13. f4 c5 14. Nf3 Bb5 15. Re1 d4 16. Bf2 Nxf4 17. a4 Bc6 18. a5 d3 19. axb6 axb6 20. Rxa8 Qxa8 21. Qd2 Nxg2 22. Nh4 Nxe1 23. Qxe1 Qd8 24. Qd2 O-O 25. Na3 Qd5 26. Bg3 Qh1+ 27. Kf2 f6 28. e6 Re8 29. Qxd3 Rxe6 30. Qd8+ Re8 0-1


[Site "https://www.chess.com"]

[Event "Titled Tuesday Blitz September 27 Early 2022"]
[White "Vlassov, Nikolai"]
[Black "Fromm, Marius"]
[WhiteFideId "4103360"]
[BlackFideId "12993190"]
[WhiteElo "2324"]
[BlackElo "2312"]
[Result "1-0"]
[Round "08"]
[TimeControl "180+1"]
[Date "2022.09.27"]
[WhiteClock "0:00:06"]
[BlackClock "0:00:06"]

1. e4 c5 2. c3 Nf6 3. e5 Nd5 4. d4 cxd4 5. cxd4 d6 6. Bc4 Nb6 7. Bb3 dxe5 8. Qh5 e6 9. dxe5 Na6 10. Nc3 Nc5 11. Nf3 Nxb3 12. axb3 Qd3 13. Ng5 g6 14. Qe2 Qxe2+ 15. Kxe2 Bd7 16. Be3 Nd5 17. Nxd5 exd5 18. Rxa7 Bb5+ 19. Kf3 Rxa7 20. Bxa7 h6 21. Nh3 Bg7 22. Bd4 g5 23. Kg3 Rg8 24. f3 Kd7 25. Rc1 Bc6 26. Nf2 Ra8 27. Nd3 Bf8 28. h4 Be7 29. hxg5 hxg5 30. Kg4 Ke6 31. Bc5 Bd8 32. Bd6 Ra5 33. b4 Rb5 34. Nc5+ Rxc5 35. bxc5 d4 36. Rd1 Kd5 37. g3 Bd7+ 38. Kh5 Kc4 39. f4 gxf4 40. gxf4 Bf5 41. b4 Bc2 42. Rc1 d3 43. f5 Kxb4 44. c6+ Kb5 45. cxb7 Bc7 46. Bxc7 Kc6 47. b8=Q d2 48. Rxc2+ Kd5 49. Rxd2+ Ke4 50. e6 Kxf5 51. exf7 Ke6 52. Qe8+ Kf5 53. f8=Q# 1-0


[Site "https://www.chess.com"]

[Event "Titled Tuesday Blitz September 27 Early 2022"]
[White "Vokhidov, Shamsiddin"]
[Black "Terzi, Alexei"]
[WhiteFideId "14204223"]
[BlackFideId "13505076"]
[WhiteElo "2619"]
[BlackElo "2031"]
[Result "1-0"]
[Round "08"]
[TimeControl "180+1"]
[Date "2022.09.27"]
[WhiteClock "0:01:53"]
[BlackClock "0:00:18"]

1. e4 c5 2. Nf3 Nc6 3. Bb5 Nd4 4. Nxd4 cxd4 5. c3 a6 6. Bc4 dxc3 7. Nxc3 e6 8. d4 Bb4 9. O-O Ne7 10. Qg4 O-O 11. Bd3 f5 12. Qh3 b5 13. Bg5 Bxc3 14. bxc3 f4 15. Qh4 Rf7 16. Bxf4 Bb7 17. Bd6 Ng6 18. Qxd8+ Rxd8 19. a4 Nf4 20. Bxf4 Rxf4 21. axb5 axb5 22. f3 Rc8 23. Bxb5 Bc6 24. Bxc6 Rxc6 25. Ra7 Rf7 26. Rb1 h6 27. Rbb7 Rxc3 28. Rxd7 Rxd7 29. Rxd7 Kf8 30. Kf2 Rc2+ 31. Kg3 Rd2 32. h4 h5 33. d5 exd5 34. Rxd5 Re2 35. Rxh5 Kg8 36. Rd5 Kf7 37. h5 Kg8 38. Kh3 Kh7 39. g4 Re3 40. Kg3 Rc3 41. Kf4 Rc1 42. g5 Rg1 43. Rd8 g6 44. Rd7+ Kg8 45. hxg6 Rg2 46. Kf5 Rg3 47. f4 Rg2 48. Kf6 1-0


[Site "https://www.chess.com"]

[Event "Titled Tuesday Blitz September 27 Early 2022"]
[White "Weetik, Vjacheslav"]
[Black "Grandelius, Nils"]
[WhiteFideId "4153472"]
[BlackFideId "1710400"]
[WhiteElo "2469"]
[BlackElo "2617"]
[Result "1-0"]
[Round "08"]
[TimeControl "180+1"]
[Date "2022.09.27"]
[WhiteClock "0:00:08"]
[BlackClock "0:00:13"]

1. d4 d5 2. Bf4 e6 3. Nf3 Bd6 4. Bg3 Nf6 5. Nbd2 Ne4 6. Bh4 f6 7. Nxe4 dxe4 8. Nd2 g5 9. Bg3 Bxg3 10. hxg3 Qxd4 11. e3 Qxb2 12. Qh5+ Ke7 13. Rb1 Qxc2 14. Qh6 Rf8 15. Qxh7+ Kd8 16. Qg7 Nd7 17. Rh7 Re8 18. Rd1 c6 19. Nxe4 Kc7 20. Bd3 Qb2 21. Nxf6 Rd8 22. Ne8+ Rxe8 23. Qxb2 b6 24. Ba6 Rd8 25. Qe5# 1-0


[Site "https://www.chess.com"]

[Event "Titled Tuesday Blitz September 27 Early 2022"]
[White "White, John S."]
[Black "Flis, Pawel"]
[WhiteFideId "2502348"]
[BlackFideId "1112864"]
[WhiteElo "1871"]
[BlackElo "1735"]
[Result "0-1"]
[Round "08"]
[TimeControl "180+1"]
[Date "2022.09.27"]
[WhiteClock "0:00:25"]
[BlackClock "0:00:45"]

1. e4 c5 2. Nf3 d6 3. d4 Nf6 4. dxc5 Nxe4 5. cxd6 Nc6 6. Bd3 Nxd6 7. O-O Bf5 8. Nc3 e6 9. Bf4 Be7 10. Bxd6 Qxd6 11. Nb5 Qd8 12. Bxf5 exf5 13. Re1 O-O 14. Nbd4 Nxd4 15. Nxd4 Bf6 16. Nxf5 Bxb2 17. Rb1 Bc3 18. Qg4 Qf6 19. Re3 Bd2 20. Rg3 g6 21. Nh6+ Bxh6 22. Rh3 Qf4 23. Qd7 b6 24. Re1 Rfd8 25. Qb7 Bg7 26. g3 Qd2 27. Rf1 Qd7 28. Qg2 Rac8 29. f4 Qd2 30. Qb7 Qd4+ 31. Kh1 Qd5+ 32. Qxd5 Rxd5 33. g4 Rxc2 34. Re3 Rdd2 0-1


[Site "https://www.chess.com"]

[Event "Titled Tuesday Blitz September 27 Early 2022"]
[White "Winkels, Marcel"]
[Black "Goncalves, Davi Sulzbacher"]
[WhiteFideId "1003887"]
[BlackFideId "2154510"]
[WhiteElo "1900"]
[BlackElo "2107"]
[Result "0-1"]
[Round "08"]
[TimeControl "180+1"]
[Date "2022.09.27"]
[WhiteClock "0:01:00"]
[BlackClock "0:00:43"]

1. d4 b6 2. Nc3 Bb7 3. Bf4 g6 4. e3 Bg7 5. Nf3 d6 6. h3 Nd7 7. Qd2 e6 8. O-O-O Ne7 9. Be2 a6 10. h4 h6 11. e4 b5 12. Kb1 b4 13. Na4 Bxe4 14. Qxb4 O-O 15. Qd2 Bc6 16. Nc3 Nb6 17. Bxh6 Nf5 18. Bxg7 Kxg7 19. h5 Rh8 20. hxg6 fxg6 21. Ng5 Qf6 22. g4 Rxh1 23. gxf5 Rxd1+ 24. Bxd1 exf5 25. d5 Bd7 26. f4 Rh8 27. a3 Rh1 28. Ka2 Nc4 29. Qd3 Bb5 30. Nxb5 Qxb2# 0-1


[Site "https://www.chess.com"]